 Dungeon Sprint DCSS version 0.19.1-1-g22dce08 (webtiles) character file.

137 dvd the Cudgeler (level 5, -4/57 HPs)
             Began as a Troll Berserker on Jan 6, 2017.
             Was a Priest of Trog.
             Killed by divine providence
             ... invoked by a smoke demon
             ... summoned by a kobold demonologist
              (12 damage)
             ... in the Dungeon (Sprint III: "The Ten Rune Challenge").
             The game lasted 00:02:22 (305 turns).

dvd the Cudgeler (Troll Berserker)                   Turns: 305, Time: 00:02:23

Health: -4/57      AC:  5    Str: 23 (25) XL:     5   Next: 0%
Magic:  4/4        EV: 10    Int:  0 (3)  God:    Trog [***...]
Gold:   26         SH:  0    Dex:  6 (10) Spells: 0 memorised, 4 levels left

rFire  . . .     SeeInvis .     a - +0 mace
rCold  . . .     Gourm    +     b - +0 animal skin
rNeg   . . .     Faith    .     (no shield)
rPois  .         Spirit   .     (helmet restricted)
rElec  +         Reflect  .     (no cloak)
rCorr  .         Harm     .     (gloves unavailable)
MR     ++...     Clarity  +     (boots unavailable)
Stlth  +......... NoTele   +    (no amulet)
                                (no ring)
                                (no ring)

@: regenerating, slowed, lost intelligence, very slow
A: unfitting armour, claws 3, clarity, deterioration 1, fast metabolism 3,
gourmand, regeneration 1, shaggy fur 1, electricity resistance, tough skin 2,
wild magic 1
a: Berserk, Trog's Hand, Burn Spellbooks, Renounce Religion


You were in the Dungeon.
You worshipped Trog.
Trog was most pleased with you.
You were hungry.

You visited 1 branch You collected 26 gold pieces.

Inventory:

Hand Weapons
 a - a +0 mace (weapon)
Armour
 b - a +0 animal skin (worn)
Scrolls
 h - a scroll of torment {unknown}
 i - a scroll of blinking
 j - a scroll of enchant armour {unknown}
 k - 3 scrolls of identify
 l - 3 scrolls of remove curse
 p - a scroll of holy word {unknown}
Potions
 d - a potion of curing
 f - a potion of haste
 g - 2 potions of magic
 n - a potion of berserk rage
 o - 2 potions of flight
Comestibles
 c - 2 bread rations
 q - 3 fruits


   Skills:
 + Level 5.2 Fighting
 + Level 6.4 Maces & Flails
 + Level 5.0 Dodging


You had 4 spell levels left.
You didn't know any spells.

Dungeon Overview and Level Annotations

Branches:
Dungeon (1/1)

Altars:
Kikubaaqudgha
Sif Muna
Vehumet


Innate Abilities, Weirdness & Mutations

You are too large for most types of armour.
You have claws for hands.
Your metabolism is lightning-fast.
You like to eat raw meat.
Your natural rate of healing is unusually fast.
You are covered in fur. (AC +1)
You have very tough skin. (AC +2)
You possess an exceptional clarity of mind.
Your body sometimes deteriorates upon taking damage.
You are resistant to electric shocks. (rElec)
Your spells are a little harder to cast, but a little more powerful.


Message History

The kobold demonologist casts a cantrip, but nothing happens.
The smoke demon gestures at you.
The ball of steam hits the quasit.
The quasit resists.
The ball of steam hits you!
* * * LOW HITPOINT WARNING * * *
Your body deteriorates!
You feel dopey.
You have lost your intelligence.
You are engulfed in a cloud of scalding steam.
* * * LOW HITPOINT WARNING * * *
Your body deteriorates!
You feel weakened.
You feel less exhausted.
The quasit disappears in a puff of smoke!
You can move again.
There is an open door to the Ecumenical Temple here.
Your skin crawls.
You feel resistant to hostile enchantments.
You are feeling hungry.
The white imp disappears in a puff of smoke!
The smoke demon gestures at you. Something smites you!
You die...

▓▓▓▓▓▓▓▓▓▓▓▓ ▓▓▓
<.#..'...♣.♣♣ ♣.#
..#..#......♣ ♣♣.#
#'####.....♣♣ ..#
.....#....≈.♣♣ ♣.###+#+###
.....#...≈≈..♣ ♣.#........
.....#..≈≈≈≈♣♣♣♣.'.3§.....
####'#..≈≈≈≈≈≈..@#.§.####
..[..#.≈≈≈≈≈≈....#35.#
.....#.≈≈≈≈≈.....#.5.#
.....#.≈≈≈.......#K###
'#####...........#.):#
.................#___#
▓▓▓▓▓▓▓▓▓▓▓▓▓▓▓▓▓▓▓▓▓▓


You could see a smoke demon.

Vanquished Creatures
  A water elemental (D)
  A wizard (D)
  Jessica (D)
  A human (D)
  An ooze (D)
  A phantom (D)
  A rat (D)
7 creatures vanquished.

Vanquished Creatures (others)
  2 draconian scorchers (D)
  6 hellions (D)
  A yaktaur (D)
  4 plants (D)
13 creatures vanquished.

Grand Total: 20 creatures vanquished

Notes
Turn   | Place    | Note
-------+----------+-------------------------------------------
     0 | D        | dvd the Troll Berserker began the quest for the Orb.
     0 | D        | Reached XP level 1. HP: 22/22 MP: 0/0
     5 | D        | Reached skill level 3 in Maces & Flails
    13 | D        | Noticed Jessica
    25 | D        | Killed Jessica
    25 | D        | Reached ** piety under Trog
    25 | D        | Reached skill level 4 in Maces & Flails
    25 | D        | Reached XP level 2. HP: 28/32 MP: 1/1
    25 | D        | Reached XP level 3. HP: 34/39 MP: 2/2
    70 | D        | Killed a hellion
    71 | D        | Killed a hellion
    71 | D        | Killed a hellion
    76 | D        | Killed a hellion
    82 | D        | Killed a yaktaur
   105 | D        | Killed a hellion
   113 | D        | Killed a hellion
   172 | D        | Killed a white draconian scorcher
   173 | D        | Killed a white draconian scorcher
   188 | D        | Lost intelligence.
   190 | D        | Gained mutation: Your spells are a little harder to cast, but a little more powerful. [potion of mutation]
   190 | D        | Gained mutation: You are resistant to electric shocks. (rElec) [potion of mutation]
   190 | D        | Gained mutation: You possess an exceptional clarity of mind. [potion of mutation]
   191 | D        | Gained mutation: Your body sometimes deteriorates upon taking damage. [potion of mutation]
   254 | D        | Noticed a water elemental
   258 | D        | Killed a water elemental
   258 | D        | Reached skill level 6 in Maces & Flails
   258 | D        | Reached XP level 4. HP: 49/49 MP: 3/3
   291 | D        | Found a radiant altar of Vehumet.
   291 | D        | Found a deep blue altar of Sif Muna.
   291 | D        | Found an ancient bone altar of Kikubaaqudgha.
   291 | D        | Noticed a wizard
   294 | D        | Noticed a smoke demon
   296 | D        | Killed a wizard
   296 | D        | Reached *** piety under Trog
   296 | D        | Reached skill level 5 in Fighting
   296 | D        | Reached skill level 5 in Dodging
   296 | D        | Reached XP level 5. HP: 23/57 MP: 4/4
   302 | D        | Lost intelligence.
   305 | D        | Killed from afar by a smoke demon

Skill      XL: |  1  2  3  4 |
---------------+-------------+-----
Maces & Flails | 4 6 |  6.4
Fighting       | 3 4 5 |  5.2
Dodging        | 3 4 5 |  5.0

Action                   |  1- 3 |  4- 6 || total
-------------------------+-------+-------++-------
Melee: Mace              |    45 |     6 ||    51
Invok: Berserk           |     2 |       ||     2
       Trog's Hand       |       |     1 ||     1
  Use: Potion            |     6 |       ||     6
  Eat: Royal jelly       |       |     1 ||     1
Armor: Animal skin       |     9 |     9 ||    18
Dodge: Dodged            |    17 |    15 ||    32
